 Dungeon Crawl Stone Soup version 0.22-a0-322-g60b3cfd (webtiles) character file.

25251 Kairos the Cleaver (level 13, -4/101 HPs)
             Began as a Human Fighter on Apr 4, 2018.
             Was a High Priest of Okawaru.
             Slain by a soul eater (14 damage)
             ... on level 1 of the Abyss.
             The game lasted 01:09:44 (17924 turns).

Kairos the Cleaver (Human Fighter)                 Turns: 17924, Time: 01:09:44

Health: -4/101     AC: 16    Str: 17    XL:     13   Next: 49%
Magic:  13/15      EV: 20    Int: 11    God:    Okawaru [*****.]
Gold:   402        SH: 13    Dex: 17    Spells: 12/12 levels left

rFire    . . .     SeeInvis .   C - +2 broad axe of Oficw {freeze, Int+2}
rCold    . . .     Gourm    .   c - +0 shield
rNeg     . . .     Faith    +   n - +3 ring mail {MR+}
rPois    .         Spirit   .   l - +1 helmet
rElec    .         Reflect  .   j - +0 cloak (curse)
rCorr    .         Harm     .   I - +0 pair of gloves
MR       +....                  (no boots)
Stlth    +++++.....             i - amulet of faith
HPRegen  0.26/turn              R - ring of stealth
MPRegen  0.14/turn              T - +2 ring of evasion

@: heroism
A: no striking features
a: Heroism, Finesse, Renounce Religion


You were on level 1 of the Abyss.
You worshipped Okawaru.
Okawaru was extremely pleased with you.
You were not hungry.

You visited 3 branches of the dungeon, and saw 14 of its levels.
You visited the Abyss 1 time.
You also visited: Ossuary.

You collected 956 gold pieces.
You spent 554 gold pieces at shops.

Inventory:

Hand Weapons
 C - the +2 broad axe of Oficw (weapon) {freeze, Int+2}
   (You bought it in a shop on level 4 of the Dungeon)

   It has been specially enchanted to freeze those struck by it, causing extra
   injury to most foes and up to half again as much damage against particularly
   susceptible opponents.
   It can also slow down cold-blooded creatures.
   It affects your intelligence (+2).
 P - a +3 flail
Missiles
 Z - a throwing net (quivered)
Armour
 c - a +0 shield (worn)
 j - a cursed +0 cloak (worn)
 l - a +1 helmet (worn)
 n - a +3 ring mail of magic resistance (worn)
 H - the +1 plate armour "Giuf" {Str+3 Dex-5 Slay+2}
   (Okawaru gifted it to you on level 2 of the Lair of Beasts)

   It affects your strength (+3).
   It affects your dexterity (-5).
   It affects your accuracy and damage with ranged weapons and melee attacks
   (+2).
 I - a +0 pair of gloves (worn)
Jewellery
 a - a cursed ring of teleportation
 e - an uncursed ring of magical power
 i - an amulet of faith (around neck)
 w - an uncursed ring of wizardry
 R - a ring of stealth (left hand)
 T - a +2 ring of evasion (right hand)
 W - an uncursed ring of stealth
Wands
 B - a wand of flame (55)
 K - a wand of disintegration (10)
 L - a wand of iceblast (15)
Scrolls
 g - a scroll of torment {unknown}
 h - a scroll of magic mapping
 m - 9 scrolls of amnesia
 q - 3 scrolls of teleportation
 r - 6 scrolls of enchant weapon
 u - 5 scrolls of remove curse
 y - 3 scrolls of fog
 z - 3 scrolls of immolation {unknown}
 D - a scroll of noise {unknown}
 E - a scroll of fear
 M - a scroll of random uselessness {unknown}
 S - a scroll of blinking {unknown}
Potions
 d - 4 potions of might
 k - 2 potions of flight
 o - a potion of invisibility {unknown}
 s - 3 potions of brilliance
 t - a potion of cancellation {unknown}
 v - 3 potions of agility {unknown}
 x - 2 potions of ambrosia {unknown}
 A - 3 potions of lignification {unknown}
 J - 3 potions of mutation {unknown}
 Q - a potion of haste
 U - 4 potions of magic {unknown}
Miscellaneous
 V - a fan of gales
Comestibles
 f - 17 rations


   Skills:
 + Level 9.2(14.2) Fighting
 + Level 13.8(19.2) Axes
 + Level 5.8(15.8) Maces & Flails
 + Level 7.8(12.8) Armour
 + Level 5.4(10.4) Dodging
 + Level 4.7(9.7) Stealth
 + Level 8.4(13.4) Shields
 + Level 3.9 Invocations
 + Level 0.2 Evocations


You had 12 spell levels left.
You didn't know any spells.

Dungeon Overview and Level Annotations

Branches:
Dungeon (9/15)             Temple (1/1) D:5            Lair (4/6) D:9
  Swamp (0/4) Lair:2        Snake (0/4) Lair:2
    Orc: D:9-12

Altars:
Ashenzari
Cheibriados
Dithmenos
Elyvilon
Fedhas
Gozag
Hepliaklqana
Kikubaaqudgha
Makhleb
Nemelex Xobeh
Okawaru
Qazlal
Ru
Trog
Uskayaw
Vehumet
Wu Jian
Xom
Yredelemnul
Zin
The Shining One

Shops:
D:4 :?}(%

Annotations:
Lair:4 Sonja


Message History

You start resting.
A soul eater comes into view.
You start resting.
Your shield prevents you from hitting the soul eater.
You block the soul eater's attack.
You closely miss the soul eater. You block the soul eater's attack.
You closely miss the soul eater.
The soul eater draws from the surrounding life force!
* * * LOW HITPOINT WARNING * * *
You closely miss the soul eater. The soul eater barely misses you.
You hit the soul eater but do no damage.
You block the soul eater's attack.
You closely miss the soul eater.
The soul eater draws from the surrounding life force!
* * * LOW HITPOINT WARNING * * *
You hit the soul eater but do no damage.
You gain the combat prowess of a mighty hero.
You block the soul eater's attack.
You feel better. The soul eater hits you!
You die...

.
.......
... .
#... # .
. # #...
.### ..
#..#.#.#
# .. #
##..##.#
.. .
#..... .
### ..#.
.
#..##.#
. . .
#.# #@#
. #
...#3# #
.## ...#
.. .. #
..
...####
#.# # ..
.. ..#
##. # .


You could see a soul eater.

Vanquished Creatures
  Erolcha (D:9)
  4 hydras
  2 starcursed masses (Abyss:1)
  10 elephants
  A black mamba (Lair:1)
  A guardian serpent (Abyss:1)
  6 spiny frogs
  Psyche (D:9)
  An orange demon (Abyss:1)
  2 komodo dragons (Lair:3)
  A merfolk (D:9)
  A polar bear (Lair:2)
  3 blink frogs (Lair:2)
  2 hippogriffs (Lair:3)
  A ynoxinul (Abyss:1)
  A wyvern (Lair:1)
  13 yaks
  3 basilisks
  A hungry ghost (D:7)
  Grum (D:9)
  4 swamp worms (Lair:2)
  9 porcupines
  7 water moccasins
  6 black bears
  3 orc warriors
  3 ice beasts
  2 phantoms
  2 sky beasts
  A necrophage (D:7)
  6 ogres
  The ghost of Kairos the Covered, an amateur BaFi (D:3)
  24 wolves
  2 centaurs
  7 crocodiles
  3 big kobolds
  2 elf zombies (Ossuary)
  9 bullfrogs
  2 small abominations (Abyss:1)
  A water moccasin zombie (D:7)
  4 scorpions
  5 wights (D:9)
  An electric eel (Lair:2)
  4 howler monkeys
  5 crimson imps
  A quasit (D:9)
  A human zombie (Ossuary)
  A bullfrog zombie (D:5)
  3 hounds
  4 orc priests
  Crazy Yiuf (D:6)
  3 jellies
  6 orc wizards
  2 centaur zombies (Ossuary)
  A bullfrog skeleton (D:9)
  A gnoll shaman (D:7)
  An iguana (D:4)
  3 worker ants
  2 big kobold zombies (Ossuary)
  A hound zombie (D:5)
  A hound skeleton (D:7)
  2 mummies (Ossuary)
  A howler monkey zombie (D:7)
  A worker ant zombie (D:9)
  Robin (D:2)
  9 gnolls
  8 adders
  A shadow imp (D:5)
  An adder skeleton (D:9)
  An adder zombie (Ossuary)
  2 worms (D:3)
  2 dart slugs
  2 leopard geckos
  25 orcs
  5 bats
  4 giant cockroaches
  19 goblins
  4 hobgoblins
  6 jackals
  5 quokkas
  6 frilled lizards
  7 hobgoblin zombies (Ossuary)
  3 jackal zombies (Ossuary)
  12 kobolds
  11 kobold zombies (Ossuary)
  8 orc zombies (Ossuary)
  2 rats (D:3)
  A butterfly (Lair:1)
  6 fungi
  3 plants
359 creatures vanquished.

Vanquished Creatures (others)
  41 fungi
  6 plants
47 creatures vanquished.

Grand Total: 406 creatures vanquished

Notes
Turn   | Place    | Note
-------+----------+-------------------------------------------
     0 | D:1      | Kairos the Human Fighter began the quest for the Orb.
     0 | D:1      | Reached XP level 1. HP: 18/18 MP: 1/1
    69 | D:1      | Reached XP level 2. HP: 20/24 MP: 2/2
   659 | D:2      | Noticed Robin
   674 | D:1      | Reached XP level 3. HP: 9/29 MP: 3/3
   972 | D:2      | Killed Robin
  1041 | D:2      | Found an ornate altar of the Wu Jian Council.
  1791 | D:3      | Found an opulent altar of Gozag.
  1804 | D:3      | Found a basalt altar of Yredelemnul.
  1824 | D:3      | Noticed an angel
  1825 | D:3      | Found a shimmering altar of Xom.
  1827 | D:3      | Found a glowing silver altar of Zin.
  1830 | D:3      | Reached XP level 4. HP: 34/35 MP: 4/4
  2124 | D:3      | Reached XP level 5. HP: 24/41 MP: 5/5
  2398 | D:3      | Reached skill level 1 in Dodging
  2480 | D:3      | Noticed Kairos's ghost (amateur BaFi)
  3395 | D:3      | Reached XP level 6. HP: 47/48 MP: 6/6
  3627 | D:3      | Killed Kairos's ghost
  3905 | D:3      | You fall through a shaft!
  4073 | D:4      | Found Boeryax's Antique Weapon Boutique.
  4263 | D:4      | Found Daul's Food Boutique.
  4294 | D:4      | Reached XP level 7. HP: 34/54 MP: 7/7
  4453 | D:4      | Found a blossoming altar of Fedhas.
  4510 | D:4      | Found Qepsu's Gadget Emporium.
  4529 | D:4      | Found Vuaqikhli's Magic Scroll Emporium.
  4639 | D:4      | Found Zaraus's Book Boutique.
  4695 | D:4      | Bought a shimmering broad axe for 225 gold pieces
  4695 | D:4      | Identified the +2 broad axe of Oficw {freeze, Int+2} (You bought it in a shop on level 4 of the Dungeon)
  4735 | D:5      | Entered Level 5 of the Dungeon
  4735 | D:5      | Found a staircase to the Ecumenical Temple.
  4740 | Temple   | Entered the Ecumenical Temple
  4786 | Temple   | Became a worshipper of Warmaster Okawaru
  4961 | D:5      | Found a shadowy altar of Dithmenos.
  5059 | D:5      | Reached skill level 1 in Axes
  5313 | D:5      | Reached * piety under Okawaru
  5313 | D:5      | Reached skill level 2 in Axes
  5819 | D:6      | Reached skill level 3 in Axes
  5819 | D:6      | Reached XP level 8. HP: 33/61 MP: 8/8
  6393 | D:6      | Reached skill level 4 in Axes
  6484 | D:6      | Reached ** piety under Okawaru
  6528 | D:6      | Found a glowing golden altar of the Shining One.
  6885 | D:6      | Found a runed door.
  6889 | D:6      | Noticed Crazy Yiuf
  6894 | D:6      | Killed Crazy Yiuf
  6981 | D:7      | Reached skill level 5 in Axes
  7017 | D:7      | Found a sand-covered staircase.
  7021 | Ossuary  | Entered an ossuary
  7212 | Ossuary  | Reached skill level 6 in Axes
  7329 | Ossuary  | Reached XP level 9. HP: 50/66 MP: 9/9
  7448 | Ossuary  | Reached skill level 1 in Invocations
  7779 | D:7      | Reached skill level 5 in Fighting
  7779 | D:7      | Reached skill level 7 in Axes
  7779 | D:7      | Reached skill level 5 in Shields
  7875 | D:7      | Reached skill level 1 in Stealth
  7918 | D:7      | Reached skill level 5 in Armour
  7932 | D:7      | Reached *** piety under Okawaru
  8360 | D:7      | Reached skill level 8 in Axes
  8396 | D:7      | Reached XP level 10. HP: 63/75 MP: 11/11
  8800 | D:7      | Reached **** piety under Okawaru
  9004 | D:8      | Reached skill level 9 in Axes
 10263 | D:9      | Noticed Grum
 10638 | D:9      | Killed Grum
 10699 | D:9      | Found a radiant altar of Vehumet.
 10726 | D:9      | Reached skill level 10 in Axes
 10783 | D:9      | Reached ***** piety under Okawaru
 10957 | D:9      | Found a white marble altar of Elyvilon.
 11006 | D:9      | Noticed Psyche
 11032 | D:9      | Found a hide-covered altar of Uskayaw.
 11084 | D:9      | Found a hazy altar of Hepliaklqana.
 11087 | D:9      | Found a radiant altar of Vehumet.
 11088 | D:9      | Found a stormy altar of Qazlal.
 11178 | D:9      | Noticed Erolcha
 11234 | D:9      | Killed Psyche
 11234 | D:9      | Reached XP level 11. HP: 77/83 MP: 12/12
 11422 | D:9      | Found a staircase to the Lair.
 11781 | D:9      | Received a gift from Okawaru
 11891 | D:9      | Killed Erolcha
 12202 | D:4      | Bought a scroll of enchant armour for 82 gold pieces
 12219 | D:4      | Bought 3 scrolls of enchant weapon for 247 gold pieces
 12658 | Lair:1   | Entered Level 1 of the Lair of Beasts
 12707 | Lair:1   | Reached skill level 11 in Axes
 13378 | Lair:1   | Received a gift from Okawaru
 14167 | Lair:2   | Reached XP level 12. HP: 67/92 MP: 14/14
 14456 | Lair:2   | Reached skill level 12 in Axes
 14615 | Lair:2   | Noticed a seven-headed hydra
 14651 | Lair:2   | Killed a seven-headed hydra
 14651 | Lair:2   | Received a gift from Okawaru
 14654 | Lair:2   | Got a transparent plate armour {god gift}
 14665 | Lair:2   | Identified the +1 plate armour "Giuf" {Str+3 Dex-5 Slay+2} (Okawaru gifted it to you on level 2 of the Lair of Beasts)
 14826 | Lair:2   | Found a staircase to the Snake Pit.
 15088 | Lair:2   | Noticed a five-headed hydra
 15113 | Lair:2   | Killed a five-headed hydra
 15334 | Lair:2   | Reached skill level 5 in Maces & Flails
 15378 | Lair:2   | Found a staircase to the Swamp.
 15877 | Lair:3   | Noticed a four-headed hydra
 15914 | Lair:3   | Killed a four-headed hydra
 15954 | Lair:3   | Noticed a four-headed hydra
 16386 | Lair:3   | Reached XP level 13. HP: 87/100 MP: 15/15
 16445 | Lair:3   | Reached skill level 13 in Axes
 16601 | Lair:3   | Reached skill level 5 in Dodging
 16895 | Lair:3   | Killed a four-headed hydra
 16895 | Lair:3   | Received a gift from Okawaru
 17491 | Lair:4   | Noticed Sonja
 17510 | Lair:4   | Cast into level 1 of the Abyss (Sonja)
 17540 | Abyss:1  | Found a corrupted altar of Lugonu.
 17579 | Abyss:1  | Noticed a starcursed mass
 17776 | Abyss:1  | Noticed a naga warrior
 17804 | Abyss:1  | Noticed a starcursed mass
 17820 | Abyss:1  | HP: 2/101 [starcursed mass/accursed screaming (7)]
 17823 | Abyss:1  | Killed a starcursed mass
 17824 | Abyss:1  | Killed a starcursed mass
 17921 | Abyss:1  | HP: 4/101 [soul eater/drain life (4)]
 17924 | Abyss:1  | Slain by a soul eater

Vault maps used:
D:1:      elethiomel_arrival_maze
D:2:      lemuel_coloured_pillars_altar, uniq_robin
D:3:      grunt_temple_overflow_order_and_chaos_1, lemuel_blue_sif_altar,
          grunt_temple_overflow_open
D:4:      lemuel_doored_altar, serial_shops, shop, kennysheep_mini,
          nicolae_shop_temple_entry_statues_fountains, nicolae_shop_stone,
          kennysheep_little_box, first_ration, feat_on_display
D:5:      old_standard_altar, minmay_temple_entry_statues_pillars
D:6:      nicolae_tso_carved_into_rock, uniq_crazy_yiuf_cottage
D:7:      enter_ossuary_5
D:9:      kennysheep_mini_moat, minitemple, due_lair_maze_entry_diamond,
          hangedman_fish_farm, vehumet_altar_wand_db, uniq_psyche, uniq_grum,
          uniq_erolcha
Temple:   kb_temple_of_zot
Lair:1:   lemuel_fruit_fields, grunt_megastairs_4, infiniplex_staircase_pool_2
Lair:2:   nicolae_swamp_entry_splash_gauntlet, dummy_snake_entry,
          wad_woods_road_03
Lair:3:   lemuel_fruit_fields, grunt_megastairs_2
Lair:4:   uniq_sonja
Ossuary:  ossuary_tomb_1

Skill      XL: |  1  2  3  4  5  6  7  8  9 10 11 12 13 |
---------------+----------------------------------------+-----
Maces & Flails | 3 4 5 |  5.8
Dodging        | 1 2 3 4 5 |  5.4
Shields        | 4 5 6 7 8 |  8.4
Armour         | 4 5 6 7 |  7.8
Fighting       | 4 5 6 7 8 9 |  9.2
Axes           | 3 6 8 10 11 12 13 | 13.8
Invocations    | 1 2 3 |  3.9
Stealth        | 1 3 4 |  4.7
Evocations     | |  0.2

Action                   |  1- 3 |  4- 6 |  7- 9 | 10-12 | 13-15 || total
-------------------------+-------+-------+-------+-------+-------++-------
Melee: Flail             |    94 |   223 |    35 |    40 |     8 ||   400
       Broad axe         |       |       |   358 |   497 |   135 ||   990
Invok: Heroism           |       |       |     5 |    11 |     7 ||    23
       Finesse           |       |       |       |     5 |     2 ||     7
Evoke: Wand              |       |       |     1 |     4 |     1 ||     6
  Use: Scroll            |     4 |       |     6 |     9 |     9 ||    28
       Potion            |       |     1 |     1 |     1 |     6 ||     9
 Stab: Sleeping          |       |       |       |     6 |     1 ||     7
       Distracted        |       |       |       |     1 |     1 ||     2
  Eat: Ration            |     1 |       |     2 |     3 |     1 ||     7
       Chunk             |       |     8 |    10 |    15 |     3 ||    36
Armor: Scale mail        |    44 |       |       |       |       ||    44
       Ring mail         |     5 |    84 |   128 |   181 |    30 ||   428
       Plate armour      |       |       |       |     3 |    27 ||    30
Dodge: Dodged            |    37 |    55 |   130 |   264 |    67 ||   553
Block: Shield            |    48 |   103 |   164 |   267 |    87 ||   669

Table legend:
 A = Spawn XP
 B = Non-spawn XP
 C = Spawn XP percentage of total XP
 D = Spawn monster count
 E = Non-spawn monster count
 F = Spawn count percentage of total count
 G = Total turns spent on level
                    A         B        C        D         E        F      G
               +---------+---------+-------+---------+---------+-------+---------
         Total |    1271 |   34803 |   3.5 |       5 |     344 |   1.4 | 17924
               +---------+---------+-------+---------+---------+-------+---------
           D:1 |       0 |      29 |   0.0 |       0 |      17 |   0.0 |   933
           D:2 |       0 |      29 |   0.0 |       0 |      10 |   0.0 |  1368
           D:3 |       0 |     384 |   0.0 |       0 |      37 |   0.0 |  1604
           D:4 |       0 |     148 |   0.0 |       0 |       9 |   0.0 |  1076
           D:5 |       0 |     364 |   0.0 |       0 |      13 |   0.0 |  1015
           D:6 |       0 |     622 |   0.0 |       0 |      17 |   0.0 |  1230
           D:7 |       0 |    2138 |   0.0 |       0 |      38 |   0.0 |  1586
           D:8 |       0 |    1269 |   0.0 |       0 |      24 |   0.0 |  1674
           D:9 |       0 |    4406 |   0.0 |       0 |      40 |   0.0 |  1600
        Lair:1 |       0 |    4821 |   0.0 |       0 |      27 |   0.0 |  1463
        Lair:2 |       0 |    6787 |   0.0 |       0 |      29 |   0.0 |  2011
        Lair:3 |       0 |    8738 |   0.0 |       0 |      30 |   0.0 |  1047
        Lair:4 |       0 |    3170 |   0.0 |       0 |      12 |   0.0 |   331
       Abyss:1 |    1271 |    1448 |  46.7 |       5 |       2 |  71.4 |   414
       Ossuary |       0 |     450 |   0.0 |       0 |      39 |   0.0 |   491
               +---------+---------+-------+---------+---------+-------+---------
